Map: Dusk Towers

Players

LilDicky - Winner!

  • Race: Terran Terran
  • League: Diamond

GrandJury

  • Race: Protoss Protoss
  • League: Platinum

VOD

http://www.twitch.tv/tumescentpie

Description

Time

  • Played on: Dec. 7, 2015, 9:51 a.m.
  • Length: 5:05
Show
View Real Time Build Order
Export as new Build Order

LilDicky Terran - Winner!

Build Orders:  

Get SALT Encoding   

  12  0:05  SCV  
  13  0:17  SCV  
  14  0:21  Supply Depot  
  14  0:29  SCV  
  14  0:31  Refinery  
  15  0:43  SCV  
  15  0:46  Barracks  
  16  0:55  SCV  
  17  1:07  SCV  
  18  1:20  SCV  
  20  1:34  Supply Depot, Factory  
  20  1:35  Orbital Command  
  20  1:37  Marine  
  20  1:55  Marine  
  21  2:01  SCV  
  21  2:07  Barracks  
  22  2:11  Barracks  
  22  2:18  SCV, Refinery  
  22  2:19  Barracks Reactor  
  23  2:30  SCV  
  23  2:37  Widow Mine  
  24  2:42  SCV  
  27  2:54  SCV  
  27  2:55  Barracks Tech Lab  
  28  2:58  Barracks Tech Lab  
  28  2:59  Marine x2  
  28  3:03  Supply Depot  
  30  3:06  SCV  
  31  3:22  Combat Shields  
  31  3:24  Marine x2  
  31  3:25  Marauder x2  
  37  3:32  SCV  
  36  3:42  Marine x2  
  36  3:46  Marine  
  39  3:54  Supply Depot  
  39  4:09  Marine x4  
  43  4:16  Bunker  
  43  4:27  Supply Depot, Marine  
  43  4:28  Widow Mine  
  46  4:32  Supply Depot  
  45  4:44  Marine x3  
  45  4:45  Marine  
Show
View Real Time Build Order
Export as new Build Order

GrandJury Protoss 

Build Orders:  

Get SALT Encoding   

  12  0:01  Probe (Chrono Boost)  
  13  0:12  Probe (Chrono Boost)  
  14  0:18  Pylon  
  14  0:22  Probe (Chrono Boost)  
  15  0:37  Probe (Chrono Boost), Gateway  
  16  0:44  Assimilator  
  16  0:47  Probe (Chrono Boost)  
  17  0:58  Probe (Chrono Boost)  
  18  1:08  Probe (Chrono Boost)  
  19  1:19  Probe (Chrono Boost)  
  19  1:22  Pylon  
  19  1:25  Cybernetics Core  
  20  1:29  Probe (Chrono Boost), Assimilator  
  21  1:40  Probe (Chrono Boost)  
  22  2:03  Warp Gate (Chrono Boost)  
  22  2:05  Robotics Facility  
  22  2:06  Gateway  
  22  2:09  Gateway  
  22  2:14  Adept  
  24  2:24  Gateway  
  24  2:35  Gateway  
  24  2:42  Pylon  
  24  2:49  Adept  
  26  2:56  Observer (Chrono Boost)  
  26  3:29  Warp Prism (Chrono Boost)  
  28  3:48  Pylon  
  28  3:58  Adept x2  
  32  4:22  Adept  
  34  4:36  Adept x2  
  38  4:40  Adept  
  40  4:56  Pylon  
  40  4:57  Pylon  
Tags
 
Add a new tag
Caveats
  • Supply blocks, unpowered buildings, or Contaminate may cause inaccurate times.
  • Supply counts are checked every 10 seconds.